 Dungeon Sprint DCSS version 0.31-a0-424-g41b3b0883d (webtiles) character file.

Game seed: 11284336783293405680

9303 Conn the Eclecticist (level 11, -14/91 HPs)
             Began as an Octopode Fire Elementalist on July 30, 2023.
             Was a High Priest of Sif Muna.
             Engulfed by a cloud of flame (24 damage)
             ... in the Dungeon (Sprint IV: "Fedhas' Mad Dash").
             The game lasted 00:39:22 (3075 turns).

Conn the Eclecticist (Octopode Fire Elementalist)   Turns: 3075, Time: 00:39:22

Health: -14/91     AC: 25    Str:  8    XL:     11   Next: 44%
Magic:  25/33      EV:  2    Int: 21    God:    Sif Muna [*****.]
Gold:   20         SH:  0    Dex: 13    Spells: 28/46 levels left

rFire   . . .        j - staff of conjuration
rCold   . . .        (no shield)
rNeg    . . .        (helmet currently unavailable)
rPois   +            g - amulet of invisibility {+Inv}
rElec   .            c - ring of flight
rCorr   .            (no ring)
SInv    .            (no ring)
Will    .....        (no ring)
Stlth   +++          (no ring)
HPRegen 0.35/turn    (no ring)
MPRegen 0.23/turn    (no ring)
                     (no ring)

%: no teleportation
@: tree-form (expiring)
A: stationary, stasis, torment immunity, boosted hp, almost no armour,
(amphibious), 8 rings, (camouflage 1), (gelatinous body 1), (nimble swimmer 1),
(tentacles)
a: Renounce Religion, Evoke Invisibility, Channel Magic, Forget Spell, Divine
Exegesis


You were in the Dungeon.
You worshipped Sif Muna.
Sif Muna was extremely pleased with you.
You were a tree.
You visited 1 branch You collected 244 gold pieces.
You spent 224 gold pieces at shops.

Inventory:

Hand Weapons
 d - a +2 vampiric quick blade
 i - a +0 rapier
Armour
 e - a +0 buckler
Magical Staves
 j - a staff of conjuration (weapon)
 m - the staff of Dissent {*Corrode rC+ rN+ Will++ Necro}
   (You found it in the Dungeon)

   [staff of death]

   Base accuracy: +5 Base damage: 5 Base attack delay: 1.2 This weapon's minimum
   attack delay (0.6) is reached at skill level 12.
   rC:        It protects you from cold.
   rN:        It protects you from negative energy.
   *Corrode:  It may corrode you when you take damage.
   Necro:     It increases the power of your Necromancy spells.
   Will:      It greatly increases your willpower.
   It falls into the 'Staves' category.
   It is a one-tentacled weapon.
Jewellery
 c - a ring of flight (left branch)
 g - the amulet of invisibility (around neck) {+Inv}
   (You found it in the Dungeon)

   [amulet of nothing]

   +Inv:      It lets you turn invisible.
Wands
 r - a wand of light (1)
Scrolls
 o - a scroll of enchant weapon
 p - a scroll of immolation {unknown}
 q - a scroll of enchant armour {unknown}
Potions
 a - 2 potions of magic
Miscellaneous
 n - a piece from Xom's chessboard (15/15)


   Skills:
 + Level 3.4 Fighting
 + Level 5.5 Dodging
 - Level 7.1 Stealth
 - Level 18.0 Spellcasting
 + Level 7.4 Conjurations
 + Level 6.2 Hexes
 + Level 4.3 Summonings
 * Level 3.4 Necromancy
 - Level 8.1 Fire Magic
 * Level 13.3 Invocations
 - Level 0.2 Evocations


You had 28 spell levels left.
You knew the following spells:

 Your Spells              Type           Power      Damage    Failure   Level
a - Foxfire               Conj/Fire      100%       2x1d9     1%          1
b - Scorch                Fire           100%       2d9       1%          2
c - Inner Flame           Hex/Fire       49%        N/A       1%          3
d - Flame Wave            Conj/Fire      67%        2d15      1%          4
e - Sticky Flame          Conj/Fire      67%        2d8       1%          4
f - Summon Small Mammal   Summ           100%       N/A       1%          1
g - Volatile Blastmotes   Fire/Tloc      70%        2d15      1%          3

Your spell library contained the following spells:

 Spells                   Type           Power      Damage    Failure   Level
 Necrotise                Necr           100%       1d9       1%          1
 Vampiric Draining        Necr           33%        2d8       1%          3
 Apportation              Tloc           36%        N/A       2%          1
 Agony                    Necr           33%        N/A       19%         5
 Death Channel            Necr           16%        N/A       71%         6
 Simulacrum               Ice/Necr       13%        N/A       91%         6
 Borgnjor's Revivificati  Necr           16%        N/A       100%        8


Dungeon Overview and Level Annotations

Branches:
Dungeon (1/1)

Altars:
Cheibriados
Dithmenos
Elyvilon
Gozag
Hepliaklqana
Kikubaaqudgha
Makhleb
Nemelex Xobeh
Okawaru
Qazlal
Ru
Sif Muna
Trog
Uskayaw
Vehumet
Wu Jian
Xom
Yredelemnul
Zin
The Shining One
Jiyva
Lugonu

Shops:
D [*=!:*[(


Innate Abilities, Weirdness & Mutations

You are a tree.
Your roots penetrate the ground, keeping you stationary.
You cannot be teleported.
You are immune to unholy pain and torment.
Your maximum health is greatly increased.
You cannot wear most types of armour.
((You are amphibious.))
You can wear up to eight rings at the same time.
((Your skin changes colour to match your surroundings (Stealth+).))
((Your rubbery body absorbs attacks. (AC +1, EV +1)))
((You are camouflaged when in or above water. (Stealth+)))
((You have tentacles for arms and can constrict up to eight enemies at once.))


Message History

The spriggan rider is almost dead.
The spriggan rider is engulfed in blazing flames.
You kill the spriggan rider!
Sif Muna accepts your kill.
You kill the hornet!
Sif Muna accepts your kill.
Sif Muna will now gift you books as you gain piety.
Your Hexes skill increases to level 6!
Your Summonings skill increases to level 4!
Your Necromancy skill increases to level 3!
Your Invocations skill increases to level 13!
Unknown command.
Unknown command.
Unknown command.
Unknown command.
Unknown command.
Okay, then.
As you read the scroll labelled FODIVI KYOSM, it dissolves into smoke.
It was a scroll of fog.
You are engulfed in blazing flames.
As you read the scroll labelled IBAABBIMET, it crumbles to dust.
It is a scroll of identify.
o - a scroll of enchant weapon You are engulfed in blazing flames.
Unknown command.
Unknown command.
Okay, then.
You are engulfed in blazing flames.
You are engulfed in blazing flames.
You are engulfed in blazing flames.
You are engulfed in blazing flames.
* * * LOW HITPOINT WARNING * * *
You feel better.
You are engulfed in blazing flames.
Your transformation is almost over.
You are engulfed in blazing flames.
* * * LOW HITPOINT WARNING * * *
Okay, then.
Okay, then.
Okay, then.
Magic courses through your body.
You are engulfed in blazing flames.
You die...

#.⌠._._._._.⌠.#.)[...#....##∩##.#
'.._._._._._..'..#...#....'.)##'#
#..._._._._...#..###'##...##∩#..#
#.._._._._._..#.)##∩∩.'...#####..
#._._._._._.⌠.#################..
###################......###.....
#.......♣.###.'..'......)'.))..♣.
....).....##..#).#.P.....########
..........###.##♣##.P....#
.........)'...#♣○§########
###############.○○○.####
###..♣..♣....###
.P.#####...♣......♣...♣###
iPi..ii.....♣.....∩[∩...[#
.....##################### ###


There were no monsters in sight!

Vanquished Creatures
  Agnes (D)
  A spriggan defender (D)
  A demonic crawler (D)
  A spriggan berserker (D)
  A spriggan druid (D)
  6 oklob plants (D)
  A queen bee (D)
  3 burning bushes (D)
  3 wandering mushrooms (D)
  2 hornets (D)
  3 scorpions (D)
  4 killer bees (D)
  5 oklob saplings (D)
  6 spriggans (D)
  A river rat (D)
  A rat (D)
  A ballistomycete spore (D)
41 creatures vanquished.

Vanquished Creatures (collateral kills)
  6 foxfires (D)
6 creatures vanquished.

Vanquished Creatures (others)
  53 foxfires (D)
53 creatures vanquished.

Grand Total: 100 creatures vanquished

Notes
Turn   | Place    | Note
-------+----------+-------------------------------------------
     0 | D        | Conn the Octopode Fire Elementalist began the quest for the
                  | Orb.
     0 | D        | Reached XP level 1. HP: 11/11 MP: 3/3
    11 | D        | Reached XP level 2. HP: 17/17 MP: 0/5
    41 | D        | Learned a level 2 spell: Scorch
    42 | D        | Noticed an oklob sapling
    45 | D        | Noticed a scorpion
    45 | D        | Found the amulet of invisibility {+Inv}
    52 | D        | Killed a scorpion
    53 | D        | Reached skill level 4 in Spellcasting
    53 | D        | Reached skill level 5 in Fire Magic
    53 | D        | Reached XP level 3. HP: 14/22 MP: 1/8
    53 | D        | Reached XP level 4. HP: 17/27 MP: 1/10
   139 | D        | Learned a level 3 spell: Inner Flame
   144 | D        | Learned a level 4 spell: Flame Wave
   217 | D        | Found an opulent altar of Gozag.
   217 | D        | Found a hazy altar of Hepliaklqana.
   217 | D        | Found a burning altar of Makhleb.
   217 | D        | Found a sparkling altar of Nemelex Xobeh.
   217 | D        | Found a snail-covered altar of Cheibriados.
   217 | D        | Found a sacrificial altar of Ru.
   217 | D        | Found a shimmering blue altar of Sif Muna.
   217 | D        | Found a shimmering altar of Xom.
   217 | D        | Found a basalt altar of Yredelemnul.
   218 | D        | Found a viscous altar of Jiyva.
   218 | D        | Found a bloodstained altar of Trog.
   218 | D        | Found an ornate altar of the Wu Jian Council.
   218 | D        | Noticed an oklob sapling priest
   219 | D        | Found an iron altar of Okawaru.
   219 | D        | Found a shadowy altar of Dithmenos.
   219 | D        | Found a glowing silver altar of Zin.
   220 | D        | Found a hide-covered altar of Uskayaw.
   220 | D        | Found an ancient bone altar of Kikubaaqudgha.
   224 | D        | Found a stormy altar of Qazlal.
   224 | D        | Found a glowing golden altar of the Shining One.
   224 | D        | Found a white marble altar of Elyvilon.
   225 | D        | Found a radiant altar of Vehumet.
   225 | D        | Found a corrupted altar of Lugonu.
   227 | D        | Became a worshipper of Sif Muna the Loreminder
   228 | D        | Killed an oklob sapling priest
   229 | D        | Reached skill level 5 in Spellcasting
   229 | D        | Reached XP level 5. HP: 32/32 MP: 1/13
   332 | D        | Reached skill level 1 in Invocations
   413 | D        | Reached * piety under Sif Muna
   414 | D        | Reached skill level 6 in Spellcasting
   415 | D        | Reached skill level 1 in Fighting
   415 | D        | Reached XP level 6. HP: 27/38 MP: 4/15
   418 | D        | Reached skill level 5 in Stealth
   633 | D        | Found Mein Zujull's Assorted Antiques.
   633 | D        | Found Ylemushri's Armour Emporium.
   644 | D        | Noticed a burning bush
   644 | D        | Noticed a wandering mushroom
   651 | D        | Noticed a wandering mushroom
   698 | D        | Reached skill level 7 in Spellcasting
   698 | D        | Reached skill level 1 in Hexes
   731 | D        | Killed a wandering mushroom
   731 | D        | Reached ** piety under Sif Muna
   732 | D        | Reached skill level 8 in Spellcasting
   732 | D        | Reached skill level 5 in Invocations
   732 | D        | Reached XP level 7. HP: 45/45 MP: 11/19
   737 | D        | Killed a wandering mushroom
   738 | D        | Reached skill level 9 in Spellcasting
   990 | D        | Killed a burning bush
   991 | D        | Reached skill level 10 in Spellcasting
   991 | D        | Reached XP level 8. HP: 51/51 MP: 7/22
  1074 | D        | Found Ushryf's Assorted Antiques.
  1074 | D        | Found Wynysen's Book Shoppe.
  1163 | D        | Noticed a queen bee
  1165 | D        | Reached *** piety under Sif Muna
  1166 | D        | Reached skill level 5 in Conjurations
  1167 | D        | Killed a queen bee
  1168 | D        | Reached skill level 11 in Spellcasting
  1176 | D        | Reached **** piety under Sif Muna
  1269 | D        | Noticed an oklob plant
  1276 | D        | Killed an oklob plant
  1277 | D        | Reached skill level 12 in Spellcasting
  1277 | D        | Reached XP level 9. HP: 55/55 MP: 10/25
  1358 | D        | Noticed a burning bush
  1369 | D        | Killed a burning bush
  1370 | D        | Reached skill level 13 in Spellcasting
  1378 | D        | Identified the staff of Dissent {*Corrode rC+ rN+ Will++
                  | Necro}
  1481 | D        | Noticed a burning bush
  1481 | D        | Noticed an oklob plant
  1490 | D        | Killed a burning bush
  1571 | D        | Noticed a wandering mushroom
  1581 | D        | Killed an oklob plant
  1581 | D        | Killed a wandering mushroom
  1582 | D        | Reached skill level 5 in Dodging
  1582 | D        | Reached skill level 14 in Spellcasting
  1582 | D        | Reached skill level 10 in Invocations
  1751 | D        | Noticed a spriggan druid
  1756 | D        | Killed a spriggan druid
  1756 | D        | Reached ***** piety under Sif Muna
  1757 | D        | Reached skill level 15 in Spellcasting
  1757 | D        | Reached XP level 10. HP: 62/62 MP: 17/29
  1848 | D        | Killed an oklob plant conjurer
  1859 | D        | Learned a level 4 spell: Sticky Flame
  1965 | D        | Noticed an oklob plant
  1965 | D        | Noticed an oklob plant summoner
  1966 | D        | Noticed an oklob plant shifter
  1977 | D        | Killed an oklob plant
  1980 | D        | Killed an oklob plant summoner
  1981 | D        | Reached skill level 16 in Spellcasting
  2064 | D        | Killed an oklob plant shifter
  2218 | D        | Bought a book of Cantrips for 144 gold pieces
  2265 | D        | Learned a level 1 spell: Summon Small Mammal
  2301 | D        | Learned a level 3 spell: Volatile Blastmotes
  2330 | D        | Noticed a demonic crawler
  2358 | D        | Killed a demonic crawler
  2358 | D        | Received a gift from Sif Muna
  2359 | D        | Reached skill level 1 in Summonings
  2560 | D        | Got Sif Muna's Omnibus of Open Graves {god gift}
  2595 | D        | Noticed a spriggan rider
  2602 | D        | Killed a spriggan rider
  2603 | D        | Reached skill level 17 in Spellcasting
  2675 | D        | Found Kevec's Antique Armour Emporium.
  2677 | D        | Found Mulirr Fooz's Weapon Shoppe.
  2719 | D        | Noticed Agnes
  2732 | D        | Killed Agnes
  2733 | D        | Reached skill level 5 in Hexes
  2733 | D        | Reached XP level 11. HP: 67/67 MP: 15/32
  2735 | D        | Noticed a spriggan berserker
  2744 | D        | Killed a spriggan berserker
  2942 | D        | Found Giopiget's Jewellery Emporium.
  2945 | D        | Found Isewext's Distillery.
  2946 | D        | Noticed a spriggan defender
  2956 | D        | Killed a spriggan defender
  2957 | D        | Reached skill level 18 in Spellcasting
  3002 | D        | Bought a potion of lignification for 30 gold pieces
  3002 | D        | Bought a potion of heal wounds for 50 gold pieces
  3026 | D        | Noticed a spriggan rider
  3066 | D        | Killed a spriggan rider
  3075 | D        | Engulfed by a cloud of flame

Illustrated notes

Levels and vault maps discovered:
D:        dungeon_sprint_fedhas [sprint_temple]

Skill      XL: |  1  2  3  4  5  6  7  8  9 10 11 |
---------------+----------------------------------+-----
Stealth        | 3 4 5 6 7 |  7.1
Fire Magic     | 4 5 6 7 8 |  8.1
Dodging        | 3 4 5 |  5.5
Spellcasting   | 4 5 6 8 10 12 15 17 18 | 18.0
Conjurations   | 2 3 4 5 7 |  7.4
Invocations    | 2 5 7 8 10 12 13 | 13.3
Fighting       | 1 2 3 |  3.4
Hexes          | 1 2 5 6 |  6.2
Summonings     | 2 4 |  4.3
Necromancy     | 3 |  3.4
Evocations     | |  0.2

Action                     |  1- 3 |  4- 6 |  7- 9 | 10-12 || total
---------------------------+-------+-------+-------+-------++-------
  Melee: Unarmed           |     6 |       |       |       ||     6
         Constrict         |     3 |       |       |       ||     3
         Tentacles         |     1 |       |       |       ||     1
   Cast: Foxfire           |     5 |     4 |     4 |    19 ||    32
         Scorch            |       |    16 |    56 |    14 ||    86
         Inner Flame       |       |     4 |     2 |    19 ||    25
         Flame Wave        |       |     1 |     4 |     6 ||    11
         Summon Small Mamm |       |       |       |    18 ||    18
         Sticky Flame      |       |       |       |     1 ||     1
         Borgnjor's Revivi |       |       |       |     2 ||     2
 Invoke: Channel Magic     |       |       |     1 |     1 ||     2
         Divine Exegesis   |       |       |       |     2 ||     2
Ability: Evoke Invisibilit |       |     5 |     6 |     2 ||    13
  Evoke: Wand              |       |       |       |     3 ||     3
    Use: Potion            |     1 |       |       |     8 ||     9
         Scroll            |       |       |       |     3 ||     3
 Armour: Skin              |     2 |       |       |     3 ||     5
  Dodge: Dodged            |     6 |     3 |     1 |     7 ||    17

Table legend: (Time is in decaauts)
 A = Elapsed time spent in this place.
 B = Non-inter-level travel time spent in this place.
 C = Inter-level travel time spent in this place.
 D = Time resting spent in this place.
 E = Time spent auto-exploring this place.
 F = Levels seen in this place.
 G = Mean time per level.
                   A        B        C        D        E       F      G
               +--------+--------+--------+--------+--------+-----+--------+
         Total |   3063 |   3063 |      0 |   2024 |      0 |   1 | 3063.0 |
       Dungeon |   3063 |   3063 |      0 |   2024 |      0 |   1 | 3063.0 |
               +--------+--------+--------+--------+--------+-----+--------+

Top non-repeatable levels by time:
       D: 3063 daAuts
